 Dungeon Crawl Stone Soup version 0.17-a0-1115-g0372368 (console) character file.

75 Monkaria the Skirmisher (level 4, 0/37 HPs)
             Began as a Demonspawn Chaos Knight on May 23, 2015.
             Slain by Mulkerokala's ghost (10 damage)
             ... on level 3 of the Dungeon.
             The game lasted 00:01:55 (1453 turns).

Monkaria the Skirmisher (Demonspawn Chaos Knight)   Turns: 1453, Time: 00:01:55

Health: 0/37       AC: 10    Str: 13    XL:     4   Next: 11%
Magic:  4/4        EV: 11    Int: 14    God:    Xom [....*.]
Gold:   132        SH:  0    Dex: 12    Spells: 0 memorised, 3 levels left

rFire  . . .     SeeInvis +     a - +0 falchion (chaos)
rCold  . . .     Clarity  .     b - +2 leather armour
rNeg   . . .     SustAt   .     (no shield)
rPois  .         Gourm    .     (no helmet)
rElec  .         Spirit   .     (no cloak)
rCorr  .         Warding  .     (no gloves)
rMut   .         Stasis   .     n - +2 pair of boots
MR     .....                    (no amulet)
Stlth  +.........               (no ring)
                                j - ring of see invisible

@: not resistant to hostile enchantments, very unstealthy
A: thin metallic scales 1, powered by death 1
a: Renounce Religion


You were on level 3 of the Dungeon.
You worshipped Xom.
You were a beloved toy of Xom.
You were not hungry.

You visited 1 branch of the dungeon, and saw 3 of its levels.

You collected 132 gold pieces.

Inventory:

Hand weapons
 a - a +0 falchion of chaos (weapon)
Armour
 b - a +2 leather armour (worn)
 n - a +2 pair of boots (worn)
Jewellery
 j - a ring of see invisible (left hand)
Scrolls
 d - a scroll of blinking {unknown}
 e - a scroll of noise {unknown}
 f - 3 scrolls of identify {unknown}
 g - 2 scrolls of teleportation {unknown}
 h - a scroll of fog {unknown}
 k - 2 scrolls of amnesia {unknown}
Potions
 i - a potion of heal wounds {unknown}
 m - a potion of flight {unknown}
Comestibles
 c - 2 bread rations
 l - a slice of pizza


   Skills:
 - Level 4.2 Fighting
 + Level 3.6 Long Blades
 - Level 1.7 Armour
 - Level 0.8 Dodging


You had 3 spell levels left.
You didn't know any spells.

Dungeon Overview and Level Annotations

Branches:
Dungeon (3/15)

Altars:
The Shining One

Annotations:
D:3 Mulkerokala's ghost, average GrFi


Innate Abilities, Weirdness & Mutations

You are partially covered in thin metallic scales (AC +2).
You can steal the life force of nearby defeated enemies.


Message History

You are too injured to fight recklessly!
You are too injured to fight recklessly!
You are too injured to fight recklessly!
You are too injured to fight recklessly!
You are too injured to fight recklessly!
You are too injured to fight recklessly!
You are too injured to fight recklessly!
You are too injured to fight recklessly!
You are too injured to fight recklessly!
You are too injured to fight recklessly!
You are too injured to fight recklessly!
You are too injured to fight recklessly!
You are too injured to fight recklessly!
You are too injured to fight recklessly!
You are too injured to fight recklessly!
Mulkerokala's ghost hits you but does no damage.
You see here an adder corpse.
Mulkerokala's ghost hits you!
You die...
Xom titters!

.....( ......# .......
....... .......
..>....#########
..........#....###
....#..†........
.........W@###.## #. #.
###.#.......##.# .##.
#........#.### ...#
.........<.....######..##
##.......###.#..........#
.......... #.####........
.#........##...##........
#........####.##.......<
..............##......#


You could see Mulkerokala's ghost.

Vanquished Creatures
  2 adders
  A river rat (D:1)
  An ooze (D:2)
  2 worms (D:2)
  A giant gecko (D:2)
  4 hobgoblins (D:1)
  3 jackals (D:1)
  6 kobolds
  A ball python (D:1)
  5 bats
  A giant newt (D:2)
  4 goblins
  10 rats
41 creatures vanquished.

Vanquished Creatures (collateral kills)
  A kobold (D:1)
1 creature vanquished.

Grand Total: 42 creatures vanquished

Notes
Turn   | Place    | Note
--------------------------------------------------------------
     0 | D:1      | Monkaria the Demonspawn Chaos Knight began the quest for the Orb.
     0 | D:1      | Reached XP level 1. HP: 18/18 MP: 1/1
    57 | D:1      | Gained mutation: You can steal the life force of nearby defeated enemies. [demonic ancestry]
    57 | D:1      | Reached XP level 2. HP: 11/25 MP: 2/2
   172 | D:1      | Reached skill level 4 in Fighting
   290 | D:1      | XOM: divination: detect creatures
   434 | D:1      | Reached XP level 3. HP: 28/30 MP: 3/3
   572 | D:1      | XOM: silly message
   606 | D:1      | XOM: harmless Conj miscast
   615 | D:1      | Found a glowing golden altar of the Shining One.
   795 | D:2      | XOM: silly message
   846 | D:2      | XOM: 1-stop teleportation journey
  1239 | D:2      | XOM: colour smoke trail
  1428 | D:3      | Noticed Mulkerokala's ghost (average GrFi)
  1432 | D:3      | Gained mutation: You are partially covered in thin metallic scales (AC +2). [demonic ancestry]
  1432 | D:3      | Reached XP level 4. HP: 35/37 MP: 4/4
  1453 | D:3      | Slain by Mulkerokala's ghost

Vault maps used:
D:1:      saegor_arrival_simple_f, roderic_three_in_a_row, tso_altar
D:3:      okawaru_trees_1, old_standard_altar, lemuel_round_altar,
          hangedman_decor_peaks_small, uniq_iyjb

Action                   |  1- 3 |  4- 6 || total
-------------------------+-------+-------++-------
Melee: Falchion          |   156 |    14 ||   170
 Stab: Confused          |       |     1 ||     1
  Eat: Chunk             |     2 |       ||     2
